 Dungeon Crawl Stone Soup version 0.24-a0-789-g35933f4585 (webtiles) character file.

Game seed: 1270472479366050077, levelgen mode: deterministic

2 Kohma the Caller (level 1, 0/13 HPs)
             Began as a Merfolk Summoner on Oct 10, 2019.
             Slain by a hobgoblin
             ... wielding a +0 club
              (2 damage)
             ... on level 1 of the Dungeon.
             The game lasted 00:00:40 (130 turns).

Kohma the Caller (Merfolk Summoner)                  Turns: 130, Time: 00:00:41

Health: 0/13       AC:  2    Str:  8    XL:     1   Next: 40%
Magic:  1/3        EV: 13    Int: 14    God:
Gold:   35         SH:  0    Dex: 14    Spells: 3/4 levels left

rFire    . . .     SeeInvis .   (no weapon)
rCold    . . .     Gourm    .   (no shield)
rNeg     . . .     Faith    .   a - +0 robe
rPois    .         Spirit   .   (no helmet)
rElec    .         Reflect  .   (no cloak)
rCorr    .         Harm     .   (no gloves)
MR       .....                  (no boots)
Stlth    ++........             (no amulet)
HPRegen  0.04/turn              (no ring)
MPRegen  0.08/turn              (no ring)

@: no status effects
A: change form in water, swift swim, stealthy swim
a: no special abilities


You were on level 1 of the Dungeon.
You were not hungry.

You visited 1 branch of the dungeon, and saw 1 of its levels.

You collected 35 gold pieces.

Inventory:

Missiles
 b - 28 sling bullets
Armour
 a - a +0 robe (worn)
Scrolls
 f - a scroll of teleportation {unknown}
Comestibles
 c - a ration
 d - a chunk of flesh


   Skills:
 - Level 2.6 Dodging
 - Level 2.1 Stealth
 + Level 2.0 Spellcasting
 * Level 4.1 Summonings


You had 3 spell levels left.
You knew the following spells:

 Your Spells              Type           Power        Failure   Level  Hunger
a - Summon Small Mammal   Summ           ##..         4%          1    ##.....

Your spell library contained the following spells:

 Spells                   Type           Power        Failure   Level  Hunger
 Call Imp                 Summ           ##......     7%          2    ###....
 Call Canine Familiar     Summ           ##......     13%         3    ####...
 Summon Guardian Golem    Hex/Summ       #.......     30%         3    ####...
 Summon Ice Beast         Ice/Summ       #.......     71%         4    #####..
 Summon Lightning Spire   Summ/Air       #.......     71%         4    #####..


Dungeon Overview and Level Annotations

Branches:
Dungeon (1/15)

Altars:


Message History

Firing (i - inventory) No suitable missiles.
Press: ? - help, Shift-Dir - straight line, f/p - hobgoblin
Aim: a hobgoblin, wielding a +0 club
Okay, then.
Casting: Summon Small Mammal (safe; 4% risk of failure)
Confirm with . or Enter, or press ? or * to list all spells.
You hit the hobgoblin but do no damage.
Your bat barely misses the hobgoblin.
The hobgoblin hits you with a +0 club.
You hit the hobgoblin.
The hobgoblin is heavily wounded.
Your bat closely misses the hobgoblin.
The hobgoblin closely misses you.
You hit the hobgoblin.
The hobgoblin is severely wounded.
Your bat closely misses the hobgoblin.
The hobgoblin hits you with a +0 club.
* * * LOW HITPOINT WARNING * * *
Your bat closely misses the hobgoblin.
Casting: Summon Small Mammal (safe; 4% risk of failure)
Confirm with . or Enter, or press ? or * to list all spells.
The hobgoblin hits you with a +0 club.
You die...

######.#........####.##
#.##........>....#
#.##.......####...
#.###.....## ## #[#
##...## #.# ###.# #[#
#.# #.######.#
#.@grb##.# #####......
.†... ..(# .## #


You could see a hobgoblin, a friendly bat and a friendly rat.

Vanquished Creatures
  A bat (D:1)
  A frilled lizard (D:1)
  A rat (D:1)
3 creatures vanquished.

Vanquished Creatures (others)
  A kraken (D:1)
  2 octopodes (D:1)
  2 vine stalkers (D:1)
  An elf (D:1)
  3 trolls (D:1)
  A vampire (D:1)
  A human (D:1)
  A dwarf (D:1)
  2 mummies (D:1)
  7 tentacles (D:1)
21 creatures vanquished.

Grand Total: 24 creatures vanquished

Notes
Turn   | Place    | Note
-------+----------+-------------------------------------------
     0 | D:1      | Kohma the Merfolk Summoner began the quest for the Orb.
     0 | D:1      | Reached XP level 1. HP: 13/13 MP: 3/3
     2 | D:1      | Killed an octopode
     5 | D:1      | Killed a human
     6 | D:1      | Noticed a troll
     6 | D:1      | Noticed an elf
     6 | D:1      | Noticed a troll
     6 | D:1      | Noticed a vine stalker
     6 | D:1      | Noticed a vine stalker
     6 | D:1      | Noticed a kraken
     6 | D:1      | Noticed a ghoul
     6 | D:1      | Noticed a minotaur
     6 | D:1      | Noticed a vampire
     6 | D:1      | Noticed a dwarf
     6 | D:1      | Noticed an octopode
     6 | D:1      | Noticed a troll
     6 | D:1      | Killed a troll
     6 | D:1      | Killed a vine stalker
     7 | D:1      | Killed a dwarf
     8 | D:1      | Killed an octopode
     9 | D:1      | Killed a troll
    10 | D:1      | Killed a vampire
    12 | D:1      | Killed a troll
    12 | D:1      | Killed an elf
    15 | D:1      | Killed a vine stalker
    18 | D:1      | Killed a kraken
   130 | D:1      | Slain by a hobgoblin

Levels and vault maps discovered:
D:1:      nicolae_arrival_kraken_aquarium_b, layout_loops_ring,
          minmay_pentomino_o2

Action                   || total
-------------------------++-------
Melee: Unarmed           ||     4
Throw: Javelin           ||     8
 Cast: Summon Small Mamm ||     2
Armor: Robe              ||     1
Dodge: Dodged            ||     6

Table legend:
 A = Non-vault XP
 B = Vault XP
 C = Vault XP percentage of total XP
 D = Non-vault monster count
 E = Vault monster count
 F = Vault count percentage of total count
                 A         B        C        D         E       F
            +---------+---------+-------+---------+---------+-------
      Total |       4 |       0 |   0.0 |       3 |       0 |   0.0
            +---------+---------+-------+---------+---------+-------
        D:1 |       4 |       0 |   0.0 |       3 |       0 |   0.0
            +---------+---------+-------+---------+---------+-------
